 Dungeon Crawl Stone Soup version 0.21.0 (webtiles) character file.

5714 Plasmagod the Martial Artist (level 10, -10/47 HPs)
             Began as a Vine Stalker Transmuter on Jan 7, 2018.
             Was a Believer of Wu Jian.
             Mangled by Snorg (20 damage)
             ... on level 10 of the Dungeon.
             The game lasted 00:47:42 (8504 turns).

Plasmagod the Martial Artist (VSTm)                 Turns: 8504, Time: 00:47:42

Health: -10/47     AC:  6    Str: 13    XL:     10   Next: 76%
Magic:  0/21       EV: 15    Int: 15    God:    Wu Jian [**....]
Gold:   597        SH:  0    Dex: 16    Spells: 10/23 levels left

rFire    . . .     SeeInvis .     - Unarmed
rCold    + . .     Gourm    +   (no shield)
rNeg     . . .     Faith    .   x - +2 robe {rC+}
rPois    .         Spirit   +   r - +0 helmet
rElec    .         Reflect  .   (no cloak)
rCorr    .         Harm     .   F - +0 pair of gloves
MR       +....                  (no boots)
Stlth    +++.......             o - amulet of the gourmand
HPRegen  0.55/turn              G - +4 ring of slaying
MPRegen  0.17/turn              C - ring of wizardry

@: no status effects
A: fangs 3, regeneration 1, magic shield, antimagic bite, no potion heal 3, rot
immunity
a: Wall Jump, Renounce Religion


You were on level 10 of the Dungeon.
You worshipped Wu Jian.
Wu Jian was pleased with you.
You were very full.

You visited 2 branches of the dungeon, and saw 11 of its levels.

You collected 597 gold pieces.

Inventory:

Missiles
 a - an arrow
Armour
 r - a +0 helmet (worn)
 x - a +2 robe of cold resistance (worn)
 F - a +0 pair of gloves (worn)
 I - the +4 scale mail of the Accordion {+Inv SInv}
   (You found it on level 8 of the Dungeon)

   It lets you see invisible.
   It lets you turn invisible.
Jewellery
 b - an uncursed ring of protection from cold
 o - an amulet of the gourmand (around neck)
 u - an uncursed ring of protection from magic
 A - an uncursed ring of positive energy
 C - a ring of wizardry (right hand)
 G - a +4 ring of slaying (left hand)
 J - an uncursed ring of poison resistance
Wands
 K - a wand of flame (13)
Scrolls
 k - 2 scrolls of fear
 m - 2 scrolls of identify
 v - 3 scrolls of teleportation
 w - a scroll of blinking
 y - 5 scrolls of remove curse
 D - a scroll of enchant armour {unknown}
 E - a scroll of brand weapon
Potions
 f - 2 potions of cancellation {unknown}
 g - 3 potions of lignification
 h - 2 potions of magic {unknown}
 i - 2 potions of might {unknown}
 j - 3 potions of agility {unknown}
 l - 2 potions of resistance {unknown}
 n - a potion of brilliance
 p - 5 potions of curing
 q - 4 potions of flight
 s - 2 potions of haste {unknown}
 t - a potion of degeneration {unknown}
 z - a potion of ambrosia {unknown}
 B - 2 potions of heal wounds {unknown}
Books
 c - a book of Changes

   Spells                             Type                      Level
   a - Beastly Appendage              Transmutation                1
   b - Sticks to Snakes               Transmutation                2
   c - Spider Form                    Transmutation/Poison         3
   d - Ice Form                       Ice/Transmutation            4
   e - Blade Hands                    Transmutation                5
 e - a book of Conjurations

   Spells                             Type                      Level
   a - Magic Dart                     Conjuration                  1
   b - Searing Ray                    Conjuration                  2
   c - Dazzling Spray                 Conjuration/Hexes            3
   d - Fulminant Prism                Conjuration/Hexes            4
   e - Force Lance                    Conjuration/Translocation    4
   f - Iskenderun's Mystic Blast      Conjuration                  4
 H - a book of Misfortune

   Spells                             Type                      Level
   a - Confusing Touch                Hexes                        1
   b - Confuse                        Hexes                        3
   c - Gell's Gravitas                Translocation                3
   d - Petrify                        Transmutation/Earth          4
   e - Metabolic Englaciation         Hexes/Ice                    5
   f - Yara's Violent Unravelling     Hexes/Transmutation          5
Comestibles
 d - 26 rations


   Skills:
 + Level 2.7 Fighting
 + Level 5.2 Dodging
 + Level 5.1 Stealth
 + Level 10.2 Unarmed Combat
 + Level 7.0 Spellcasting
 + Level 1.0 Conjurations
 + Level 6.6 Transmutations
 + Level 2.0 Poison Magic


You had 10 spell levels left.
You knew the following spells:

 Your Spells              Type           Power        Failure   Level  Hunger
a - Beastly Appendage     Tmut           ####..       1%          1    None
b - Spider Form           Tmut/Pois      ###.......   2%          3    ##.....
c - Magic Dart            Conj           #...         3%          1    None
d - Blade Hands           Tmut           ####......   10%         5    #####..
e - Gell's Gravitas       Tloc           #.........   16%         3    ##.....


Dungeon Overview and Level Annotations

Branches:
Dungeon (10/15)            Temple (1/1) D:6            Lair (0/6) D:9
    Orc: D:9-12

Altars:
Ashenzari
Cheibriados
Dithmenos
Elyvilon
Fedhas
Gozag
Hepliaklqana
Kikubaaqudgha
Makhleb
Nemelex Xobeh
Okawaru
Qazlal
Ru
Sif Muna
Trog
Uskayaw
Vehumet
Wu Jian
Xom
Yredelemnul
Zin
The Shining One

Shops:
D:4 [   D:10 (

Annotations:
D:6 Suckerboh's ghost, novice TrMo
D:10 Snorg


Innate Abilities, Weirdness & Mutations

You have razor-sharp teeth.
Your natural rate of healing is unusually fast.
When hurt, damage is shared between your health and your magic reserves.
Your bite disrupts and absorbs the magic of your enemies.
Potions cannot restore your health.
You are immune to rotting.


Message History

The iguana is almost dead.
You kill the iguana!
The Council accepts your kill.
Your transformation is almost over.
Snorg rages.
Snorg closely misses you. Snorg claws you! Snorg closely misses you.
Snorg bites you. Snorg misses you. x2
Snorg rages.
Snorg misses you. Snorg barely misses you. Snorg completely misses you.
Snorg rages.
Snorg bites you!! Snorg barely misses you. Snorg closely misses you.
Snorg misses you. Snorg completely misses you. Snorg claws you!
* * * LOW HITPOINT WARNING * * *
Your transformation has ended.
Your +0 helmet unmelds from your body.
Your +0 pair of gloves unmelds from your body.
Your +2 robe of cold resistance unmelds from your body.
You feel resistant to cold. Snorg bites you!!
You die...

.......#......... ....
.......#......... ....
.......#......... .....
.......#.........
.....####.....###..#####
........#..### #..#
........# #..# ........#
#T.# #@# #..# #T# #..#
+.+ #..##### #.+
#.......
#.#########.......
#.......<.........
.......................
.......................
.......................


You could see Snorg (berserk).

Vanquished Creatures
  Erica (D:8)
  A troll (D:9)
  Grinder (D:3)
  A hippogriff (D:8)
  Sigmund (D:7)
  A yak (D:7)
  3 hogs (D:7)
  A human (D:7)
  A steam dragon (D:7)
  Edmund (D:7)
  A water moccasin (D:6)
  2 orc warriors
  A phantom (D:9)
  4 sky beasts
  5 centaurs
  A necrophage (D:5)
  6 ogres
  A big kobold (D:7)
  2 bullfrogs
  A scorpion (D:7)
  3 killer bees (D:9)
  3 howler monkeys
  3 crimson imps
  2 quasits (D:5)
  4 hounds
  A jelly (D:5)
  9 orc wizards
  5 orc priests
  A centaur skeleton (D:8)
  A gnoll shaman (D:5)
  4 iguanas
  A worker ant (D:4)
  A hound zombie (D:9)
  A hound skeleton (D:5)
  A worker ant zombie (D:9)
  5 gnolls
  11 adders
  An adder skeleton (D:9)
  2 worms
  A dart slug (D:2)
  2 leopard geckos
  24 orcs
  2 bats
  3 giant cockroaches
  5 hobgoblins
  11 jackals
  15 kobolds
  5 quokkas
  A ball python (D:2)
  3 frilled lizards
  9 goblins
  A jackal skeleton (D:5)
  2 quokka skeletons (D:4)
  5 rats
184 creatures vanquished.

Notes
Turn   | Place    | Note
-------+----------+-------------------------------------------
     0 | D:1      | Plasmagod the Vine Stalker Transmuter began the quest for the Orb.
     0 | D:1      | Reached XP level 1. HP: 9/9 MP: 4/4
   290 | D:1      | Reached XP level 2. HP: 14/14 MP: 4/6
   826 | D:1      | Found a snail-covered altar of Cheibriados.
   857 | D:1      | Reached skill level 1 in Fighting
  1015 | D:1      | Reached XP level 3. HP: 18/18 MP: 6/8
  1357 | D:2      | Gained mutation: Your natural rate of healing is unusually fast. [Vine Stalker growth]
  1357 | D:2      | Reached XP level 4. HP: 19/22 MP: 7/9
  1443 | D:2      | Reached skill level 1 in Stealth
  1867 | D:3      | Reached XP level 5. HP: 25/25 MP: 8/10
  1965 | D:3      | Found an opulent altar of Gozag.
  1965 | D:3      | Found a sparkling altar of Nemelex Xobeh.
  2090 | D:3      | Noticed Grinder
  2143 | D:2      | Learned a level 3 spell: Spider Form
  2160 | D:3      | Killed Grinder
  2160 | D:3      | Reached skill level 4 in Unarmed Combat
  2160 | D:3      | Reached XP level 6. HP: 30/30 MP: 10/12
  2637 | D:4      | Reached XP level 7. HP: 15/33 MP: 4/13
  2859 | D:4      | Found Qoosis's Antique Armour Shoppe.
  2966 | D:4      | Reached skill level 5 in Unarmed Combat
  2991 | D:4      | Learned a level 1 spell: Magic Dart
  3434 | D:5      | Entered Level 5 of the Dungeon
  3545 | D:5      | Found a bloodstained altar of Trog.
  3598 | D:5      | Gained mutation: You have razor-sharp teeth. [Vine Stalker growth]
  3598 | D:5      | Reached XP level 8. HP: 39/39 MP: 11/15
  3632 | D:5      | Found a deep blue altar of Sif Muna.
  3773 | D:5      | Reached skill level 6 in Unarmed Combat
  3859 | D:5      | Reached skill level 1 in Poison Magic
  4410 | D:6      | Reached skill level 5 in Spellcasting
  4479 | D:6      | Noticed Suckerboh's ghost (novice TrMo)
  4493 | D:6      | Found a shadowy altar of Dithmenos.
  4631 | D:6      | Found a basalt altar of Yredelemnul.
  4836 | D:6      | Found a staircase to the Ecumenical Temple.
  4843 | D:6      | Reached XP level 9. HP: 23/43 MP: 6/17
  4847 | Temple   | Entered the Ecumenical Temple
  4871 | Temple   | Became a worshipper of the Wu Jian Council
  5070 | D:6      | Reached skill level 7 in Unarmed Combat
  5087 | D:6      | Reached skill level 1 in Conjurations
  5087 | D:6      | Reached skill level 5 in Transmutations
  5658 | D:7      | Found an iron altar of Okawaru.
  5934 | D:7      | Reached skill level 8 in Unarmed Combat
  6343 | D:7      | Noticed Sigmund
  6349 | D:7      | Killed Sigmund
  6349 | D:7      | Reached skill level 9 in Unarmed Combat
  6370 | D:7      | Noticed Edmund
  6381 | D:7      | Killed Edmund
  6381 | D:7      | Reached XP level 10. HP: 37/47 MP: 11/20
  6408 | D:7      | Learned a level 5 spell: Blade Hands
  6445 | D:7      | Reached * piety under Wu Jian
  6740 | D:8      | Noticed Erica
  6749 | D:8      | Killed Erica
  6749 | D:8      | Reached skill level 5 in Dodging
  6992 | D:8      | Got a steaming scale mail
  7003 | D:8      | Identified the +4 scale mail of the Accordion {+Inv SInv} (You found it on level 8 of the Dungeon)
  7384 | D:9      | Found a staircase to the Lair.
  7503 | D:9      | Found a hide-covered altar of Uskayaw.
  7640 | D:9      | Reached skill level 5 in Stealth
  7870 | D:9      | Reached skill level 10 in Unarmed Combat
  7917 | D:9      | Learned a level 3 spell: Gell's Gravitas
  7931 | D:9      | Noticed a two-headed ogre
  8014 | D:9      | Reached ** piety under Wu Jian
  8264 | D:10     | Entered Level 10 of the Dungeon
  8264 | D:10     | Noticed Snorg
  8377 | D:10     | Found Azxe's Antique Weapon Boutique.
  8403 | D:10     | HP: 1/47 [Snorg (12)]
  8504 | D:10     | Mangled by Snorg

Skill      XL: |  1  2  3  4  5  6  7  8  9 10 |
---------------+-------------------------------+-----
Dodging        | 2 3 4 5 |  5.2
Fighting       | 1 2 |  2.7
Spellcasting   | 3 4 5 6 7 |  7.0
Stealth        | 1 2 3 4 5 |  5.1
Transmutations | 3 4 5 6 |  6.6
Unarmed Combat | 4 5 6 9 10 | 10.2
Poison Magic   | 1 2 |  2.0
Conjurations   | 1 |  1.0

Action                   |  1- 3 |  4- 6 |  7- 9 | 10-12 || total
-------------------------+-------+-------+-------+-------++-------
Melee: Unarmed           |    80 |   126 |   296 |   107 ||   609
       Bite              |    15 |    20 |    42 |    18 ||    95
       Kick              |    16 |    32 |    46 |    10 ||   104
       Headbutt          |     5 |       |       |       ||     5
       Punch             |     1 |       |     8 |     6 ||    15
 Cast: Beastly Appendage |    22 |    16 |    30 |     7 ||    75
       Spider Form       |       |     2 |    15 |     4 ||    21
       Magic Dart        |       |       |     7 |       ||     7
       Blade Hands       |       |       |       |    14 ||    14
       Gell's Gravitas   |       |       |       |     1 ||     1
Invok: Lunge             |       |       |     7 |    17 ||    24
       Whirlwind         |       |       |       |     2 ||     2
  Use: Scroll            |     2 |     2 |     6 |     7 ||    17
 Stab: Sleeping          |       |     1 |     6 |     2 ||     9
  Eat: Chunk             |    13 |     6 |    13 |    11 ||    43
Armor: Robe              |    15 |    27 |    29 |    15 ||    86
       Skin              |       |       |     6 |       ||     6
       Scale mail        |       |       |       |     2 ||     2
Dodge: Dodged            |    60 |    81 |   230 |    65 ||   436
